 Dungeon Crawl Stone Soup version 0.23-a0-182-g58cdd98 (webtiles) character file.

4622 rz the Grappler (level 10, -3/106 HPs)
             Began as a Troll Wizard on Sept 21, 2018.
             Was an Elder of Cheibriados.
             Slain by Grum
             ... wielding a +1 spear
              (8 damage)
             ... on level 9 of the Dungeon.
             The game lasted 00:17:48 (8490 turns).

rz the Grappler (Troll Wizard)                      Turns: 8490, Time: 00:17:48

Health: -3/106     AC:  7    Str: 29    XL:     10   Next: 19%
Magic:  12/12      EV: 12    Int: 23    God:    Cheibriados [****..]
Gold:   379        SH:  0    Dex: 17    Spells: 12/13 levels left

rFire    . . .     SeeInvis .     - Unarmed
rCold    + . .     Gourm    +   (no shield)
rNeg     . . .     Faith    .   a - +0 robe
rPois    .         Spirit   .   v - +2 hat
rElec    .         Reflect  .   (no cloak)
rCorr    .         Harm     .   (gloves unavailable)
MR       .....                  (boots unavailable)
Stlth    ++........             (no amulet)
HPRegen  0.67/turn              l - ring of protection from cold
MPRegen  0.13/turn              w - +3 ring of evasion

@: heavily drained, very slow
A: large, unfitting armour, claws 3, fast metabolism 3, gourmand, regeneration
1, shaggy fur 1, tough skin 2
a: Bend Time, Temporal Distortion, Slouch, Renounce Religion


You were on level 9 of the Dungeon.
You worshipped Cheibriados.
Cheibriados was greatly pleased with you.
You were completely stuffed.

You visited 2 branches of the dungeon, and saw 10 of its levels.

You collected 379 gold pieces.

Inventory:

Missiles
 e - 254 stones
 s - 4 large rocks (quivered)
Armour
 a - a +0 robe (worn)
 b - a +0 hat
 v - a +2 hat (worn)
Jewellery
 c - an uncursed ring of see invisible
 l - a ring of protection from cold (left claw)
 w - a +3 ring of evasion (right claw)
 y - an uncursed ring of see invisible
Scrolls
 f - 2 scrolls of teleportation
 g - 5 scrolls of enchant weapon
 h - a scroll of identify
 j - 4 scrolls of magic mapping
 k - a scroll of random uselessness
 m - 3 scrolls of fog
 n - 5 scrolls of remove curse
 q - a scroll of amnesia
 r - 3 scrolls of enchant armour
 t - 2 scrolls of fear
Potions
 i - a potion of lignification {unknown}
 o - a potion of magic {unknown}
 p - a potion of brilliance
 u - a potion of cancellation
 x - 2 potions of agility
 z - a potion of haste {unknown}
 A - a potion of heal wounds {unknown}
Comestibles
 d - 18 rations
 B - a chunk of flesh


   Skills:
 + Level 8.9(6.9) Fighting
 - Level 1.5(0.0) Dodging
 - Level 1.0(0.0) Stealth
 + Level 10.5(8.4) Unarmed Combat
 - Level 2.0(0.3) Spellcasting
 - Level 0.6(0.0) Conjurations
   Level 0.6(0.0) Summonings
   Level 0.6(0.0) Translocations


You had 12 spell levels left.
You knew the following spells:

 Your Spells              Type           Power        Failure   Level  Hunger
a - Magic Dart            Conj           #...         16%         1    ##.....

Your spell library contained the following spells:

 Spells                   Type           Power        Failure   Level  Hunger
 Blink                    Tloc           N/A          22%         2    ###....
 Call Imp                 Summ           #.......     22%         2    ###....
 Slow                     Hex            #.......     22%         2    ###....
 Conjure Flame            Conj/Fire      #.......     41%         3    ####...
 Mephitic Cloud           Conj/Pois/Air  #.......     41%         3    ####...


Dungeon Overview and Level Annotations

Branches:
Dungeon (9/15)             Temple (1/1) D:6
   Lair: D:8-11         Orc: D:9-12

Altars:
Ashenzari
Cheibriados
Elyvilon
Fedhas
Gozag
Kikubaaqudgha
Makhleb
Nemelex Xobeh
Okawaru
Ru
Sif Muna
Trog
Vehumet
Wu Jian
Yredelemnul
Zin

Shops:
D:4 *[}:=   D:7 [

Annotations:
D:9 Grum


Innate Abilities, Weirdness & Mutations

You are too large for most types of armour.
You have claws for hands.
Your metabolism is lightning-fast.
You like to eat raw meat.
Your natural rate of healing is unusually fast.
You are covered in fur. (AC +1)
You have very tough skin. (AC +2)


Message History

The phantom barely misses you.
Grum hits you from afar with an enchanted spear!
You barely miss the phantom. The phantom hits you!
The phantom blinks!
The orc priest looks satisfied for a moment.
Grum hits you from afar with an enchanted spear.
The orc priest calls down the wrath of Beogh upon you.
Beogh smites you!
* * * LOW HITPOINT WARNING * * *
Grum hits you with an enchanted spear!
* * * LOW HITPOINT WARNING * * *
The orc priest misses you. Grum hits you with an enchanted spear!
* * * LOW HITPOINT WARNING * * *
Grum hits you from afar with an enchanted spear.
* * * LOW HITPOINT WARNING * * *
You closely miss the orc priest. You claw the orc priest!
You kill the orc priest!
Cheibriados thoroughly appreciates the change of pace.
The phantom blinks!
Grum hits you from afar with an enchanted spear!
You die...

#.........#
####'###### #..# #≈.
.# ##)### ##≈.###'#
#)).# #........
######)#### #........
#.........# #........
#.........####.W......
#.........@).#........
#.........##g§........
#.........####........
#.........# ###'#####
#.....:...# .#
########.## # #.# #.#


You could see Grum.

Vanquished Creatures
  A two-headed ogre (D:9)
  2 hippogriffs (D:7)
  A hungry ghost (D:6)
  A warg (D:9)
  3 orc warriors
  3 sky beasts
  A phantom (D:4)
  A necrophage (D:8)
  4 ogres
  2 wolves (D:9)
  A centaur (D:7)
  3 bullfrogs
  2 big kobolds
  A scorpion (D:8)
  5 wights (D:9)
  6 killer bees (D:8)
  A quasit (D:5)
  2 hounds (D:5)
  A bullfrog zombie (D:7)
  5 jellies
  6 orc priests
  2 bullfrog skeletons
  11 orc wizards
  3 iguanas
  3 worker ants
  2 hound skeletons
  Robin (D:2)
  A howler monkey skeleton (D:6)
  7 adders
  2 shadow imps
  2 oozes (D:2)
  An adder zombie (D:7)
  3 worms
  3 dart slugs
  4 leopard geckos
  34 orcs
  2 ball pythons
  3 giant cockroaches
  14 goblins
  12 hobgoblins
  2 jackals (D:1)
  16 kobolds
  6 quokkas
  A ball python skeleton (D:4)
  3 bats
  2 frilled lizards
  2 jackal skeletons
  A leopard gecko skeleton (D:5)
  A quokka skeleton (D:4)
  7 rats
203 creatures vanquished.

Notes
Turn   | Place    | Note
-------+----------+-------------------------------------------
     0 | D:1      | rz the Troll Wizard began the quest for the Orb.
     0 | D:1      | Reached XP level 1. HP: 16/16 MP: 2/2
   173 | D:1      | Reached skill level 1 in Unarmed Combat
   267 | D:1      | Reached XP level 2. HP: 25/26 MP: 4/4
   401 | D:1      | Reached skill level 1 in Fighting
   881 | D:2      | Reached skill level 2 in Unarmed Combat
   881 | D:2      | Reached XP level 3. HP: 18/35 MP: 5/5
  1105 | D:2      | Noticed Robin
  1211 | D:2      | Reached XP level 4. HP: 39/42 MP: 6/6
  1249 | D:2      | Killed Robin
  1265 | D:2      | Found an opulent altar of Gozag.
  1563 | D:2      | Reached skill level 3 in Unarmed Combat
  1632 | D:2      | Found a glowing silver altar of Zin.
  1830 | D:3      | Reached XP level 5. HP: 41/50 MP: 7/7
  2884 | D:4      | Found Aziukhopy's Book Shoppe.
  2903 | D:4      | Found Dykomaha's Gadget Shop.
  3056 | D:4      | Found Diowennyeca's Jewellery Emporium.
  3140 | D:4      | Found a sacrificial altar of Ru.
  3151 | D:4      | Reached skill level 4 in Unarmed Combat
  3196 | D:4      | Found a radiant altar of Vehumet.
  3225 | D:4      | Reached XP level 6. HP: 59/61 MP: 8/8
  3328 | D:4      | Found Nezir's Antique Armour Boutique.
  3707 | D:4      | Found Nuleih's Assorted Antiques.
  3760 | D:4      | Found a deep blue altar of Sif Muna.
  3787 | D:4      | Found an ornate altar of the Wu Jian Council.
  3992 | D:5      | Entered Level 5 of the Dungeon
  4025 | D:5      | Reached skill level 5 in Unarmed Combat
  4025 | D:5      | Reached XP level 7. HP: 70/70 MP: 9/9
  4648 | D:6      | Noticed a hungry ghost
  4686 | D:6      | Killed a hungry ghost
  4686 | D:6      | Reached skill level 5 in Fighting
  4686 | D:6      | Reached skill level 6 in Unarmed Combat
  4718 | D:6      | Found a staircase to the Ecumenical Temple.
  4788 | Temple   | Entered the Ecumenical Temple
  4868 | Temple   | Became a worshipper of Cheibriados the Contemplative
  5121 | D:6      | Found a bloodstained altar of Trog.
  5138 | D:6      | Reached XP level 8. HP: 80/80 MP: 10/10
  5711 | D:7      | Noticed a hippogriff
  5718 | D:7      | Killed a hippogriff
  5722 | D:7      | Reached skill level 7 in Unarmed Combat
  5747 | D:7      | Found a white marble altar of Elyvilon.
  5815 | D:7      | Found Feet's Antique Armour Boutique.
  5937 | D:7      | Noticed a hippogriff
  5944 | D:7      | Killed a hippogriff
  6322 | D:7      | Found the +8 orange crystal plate armour {Archmagi, Int+3
                  | Clar}
  6377 | D:7      | Found a sparkling altar of Nemelex Xobeh.
  6378 | D:7      | Found a basalt altar of Yredelemnul.
  6561 | D:8      | Reached * piety under Cheibriados
  6561 | D:8      | Reached skill level 8 in Unarmed Combat
  6649 | D:8      | Found a burning altar of Makhleb.
  6659 | D:8      | Reached XP level 9. HP: 86/92 MP: 11/11
  6852 | D:8      | Reached ** piety under Cheibriados
  7099 | D:8      | Reached skill level 9 in Unarmed Combat
  7973 | D:9      | Reached *** piety under Cheibriados
  8033 | D:9      | Noticed a two-headed ogre
  8042 | D:9      | Killed a two-headed ogre
  8042 | D:9      | Reached skill level 10 in Unarmed Combat
  8042 | D:9      | Reached XP level 10. HP: 28/106 MP: 8/12
  8465 | D:9      | Noticed Grum
  8484 | D:9      | Reached **** piety under Cheibriados
  8489 | D:9      | HP: 4/106 [Grum/enchanted spear (4)]
  8490 | D:9      | Slain by Grum

Vault maps used:
D:1:      dpeg_arrival_renting
D:2:      old_standard_altar, zin_statuary, uniq_robin
D:3:      first_ration
D:4:      kennysheep_mini_moat, nicolae_ru_awakened_eye, vehumet_crystals,
          lemuel_doored_altar, serial_shops, shop, shop, shop, kennysheep_mini,
          shop, minmay_door_square, minmay_vboxes
D:5:      kennysheep_generic_room_4
D:6:      old_standard_altar, minmay_temple_entry_trees
D:7:      elyvilon_altar_5, gammafunk_temple_overflow_pools, serial_shops,
          shop_fountains
D:8:      basic_altar
D:9:      nicolae_overflow_crystal_walls, erik_lair_orcish_takeover,
          hangedman_little_slice_of_home, hangedman_decor_push, uniq_grum
Temple:   minmay_temple_curvy_loop

Skill      XL: |  1  2  3  4  5  6  7  8  9 |
---------------+----------------------------+-----
Unarmed Combat | 1 2 3 4 5 6 8 10 | 10.5
Fighting       | 1 2 3 4 5 6 8 |  8.9
Dodging        | |  1.5
Stealth        | |  1.0
Spellcasting   | |  2.0
Conjurations   | |  0.6
Summonings     | |  0.6
Translocations | |  0.6

Action                   |  1- 3 |  4- 6 |  7- 9 | 10-12 || total
-------------------------+-------+-------+-------+-------++-------
Melee: Unarmed           |   134 |   227 |   335 |    45 ||   741
       Punch             |       |       |     7 |     2 ||     9
Invok: Bend Time         |       |       |     1 |     1 ||     2
  Use: Potion            |     2 |       |     3 |       ||     5
       Scroll            |     1 |    11 |     7 |       ||    19
 Stab: Distracted        |       |       |     1 |     2 ||     3
  Eat: Chunk             |     8 |    25 |    32 |     2 ||    67
       Ration            |       |       |     4 |       ||     4
Armor: Robe              |    59 |    91 |   106 |     6 ||   262
Dodge: Dodged            |    90 |    88 |   199 |    27 ||   404

Table legend:
 A = Non-vault XP
 B = Vault XP
 C = Vault XP percentage of total XP
 D = Non-vault monster count
 E = Vault monster count
 F = Vault count percentage of total count
                 A         B        C        D         E       F
            +---------+---------+-------+---------+---------+-------
      Total |    5799 |     805 |  12.2 |     178 |      25 |  12.3
            +---------+---------+-------+---------+---------+-------
        D:1 |      32 |       0 |   0.0 |      18 |       0 |   0.0
        D:2 |      95 |      36 |  27.5 |      16 |      12 |  42.9
        D:3 |     179 |       0 |   0.0 |      29 |       0 |   0.0
        D:4 |      61 |     292 |  82.7 |       8 |       7 |  46.7
        D:5 |     464 |       0 |   0.0 |      14 |       0 |   0.0
        D:6 |     330 |       0 |   0.0 |      11 |       0 |   0.0
        D:7 |     986 |       0 |   0.0 |      15 |       0 |   0.0
        D:8 |    1820 |       0 |   0.0 |      43 |       0 |   0.0
        D:9 |    1832 |     477 |  20.7 |      24 |       6 |  20.0
            +---------+---------+-------+---------+---------+-------
